 Seeded DCSS version 0.31-a0-339-gda1cbd555d (webtiles) character file.

Game seed: 14215367866634240820 (custom seed)

143 innerfire43 the Chopper (level 5, -7/42 HPs)
             Began as a Demonspawn Monk on July 20, 2023.
             Killed by divine providence
             ... invoked by an orc priest
              (14 damage)
             ... on level 3 of the Dungeon.
             The game lasted 00:02:34 (1919 turns).

innerfire43 the Chopper (Demonspawn Monk)           Turns: 1919, Time: 00:02:36

Health: -7/42      AC:  6    Str: 13    XL:     5   Next: 4%
Magic:  5/5        EV: 13    Int: 12    God:
Gold:   99         SH:  0    Dex: 15    Spells: 4/4 levels left

rFire   . . .        a - +0 hand axe
rCold   . . .        d - orb {light}
rNeg    . . .        b - +0 robe
rPois   .            j - +2 helmet
rElec   .            (no cloak)
rCorr   .            (no gloves)
SInv    .            n - +0 pair of boots
Will    .....        (no amulet)
Stlth   +            (no ring)
HPRegen 0.27/turn    (no ring)
MPRegen 0.09/turn

%: no passive effects
@: glowing
A: demonic guardian 2
a: no special abilities


You were on level 3 of the Dungeon.
You visited 1 branch of the dungeon, and saw 3 of its levels.

You collected 99 gold pieces.

Inventory:

Hand Weapons
 a - a +0 hand axe (weapon)
Missiles
 g - 5 silver javelins (quivered)
Armour
 b - a +0 robe (worn)
 d - an orb of light (worn)
 j - a +2 helmet (worn)
 n - a +0 pair of boots (worn)
Scrolls
 c - a scroll of fog {unknown}
 e - a scroll of enchant weapon {unknown}
 i - a scroll of amnesia
 k - 4 scrolls of enchant armour {unknown}
 l - a scroll of torment {unknown}
Potions
 f - a potion of curing {unknown}
 h - a potion of ambrosia


   Skills:
 + Level 3.8 Fighting
 * Level 4.1 Axes
 + Level 0.6 Throwing
 + Level 3.4 Dodging


You had 4 spell levels left.
You didn't know any spells.
Your spell library was empty.

Dungeon Overview and Level Annotations

Branches:
Dungeon (3/15)

Altars:


Innate Abilities, Weirdness & Mutations

A demonic guardian rushes to your aid.


Message History

The orc priest is lightly wounded.
You hit the orc. You hit the orc but do no damage.
The orc priest barely misses you. The orc hits you with a +0 war axe.
The orc hits you but does no damage.
You hit the orc priest but do no damage.
The orc priest is lightly wounded.
You hit the orc but do no damage. You barely miss the orc.
The orc closely misses you. The orc hits you but does no damage.
The orc priest completely misses you.
Unknown command.
You hit the orc priest but do no damage.
The orc priest is lightly wounded.
You hit the orc but do no damage. You hit the orc.
The orc priest barely misses you. The orc closely misses you.
The orc hits you with a +0 mace.
You hit the orc priest but do no damage.
The orc priest is lightly wounded.
You hit the orc. You hit the orc but do no damage.
The orc priest hits you with a +0 dagger.
The orc barely misses you. The orc hits you but does no damage.
Unknown command.
You hit the orc priest.
The orc priest is moderately wounded.
You hit the orc but do no damage. You hit the orc. The orc priest misses you.
The orc hits you with a +0 war axe! The orc hits you but does no damage.
Unknown command.
You hit the orc priest but do no damage.
The orc priest is moderately wounded.
You hit the orc.
You kill the orc!
You barely miss the orc.
The orc priest hits you with a +0 dagger.
The orc hits you with a +0 mace.
* * * LOW HITPOINT WARNING * * *
The orc hits you with a +0 mace.
* * * LOW HITPOINT WARNING * * *
A demonic guardian appears!
The orc priest invokes the aid of Beogh against you.
Beogh smites you!
You die...

## ##. #############
#####..## #.......[...#
........###...........##
....>.o.'.'.............
.......@###..........)##
......o)# #...........##
......4.# #...........#
........# #.(.........#
........# #...........#
........# #############
........# #########


You could see an orc priest (ally target), an orc and a friendly orange demon
(summoned).

Vanquished Creatures
  4 gnolls (D:2)
  An adder (D:3)
  A worm (D:2)
  A dart slug (D:1)
  An orc (D:3)
  5 ball pythons
  7 endoplasms
  2 giant cockroaches
  8 goblins
  2 hobgoblins (D:2)
  6 jackals (D:1)
  A kobold (D:1)
  4 quokkas (D:1)
  5 bats
  4 frilled lizards
  4 rats
56 creatures vanquished.

Vanquished Creatures (collateral kills)
  Terence (D:3)
  A dart slug (D:2)
  A hobgoblin (D:1)
  A kobold (D:1)
4 creatures vanquished.

Grand Total: 60 creatures vanquished

Notes
Turn   | Place    | Note
-------+----------+-------------------------------------------
     0 | D:1      | innerfire43 the Demonspawn Monk began the quest for the
                  | Orb.
     0 | D:1      | Reached XP level 1. HP: 18/18 MP: 1/1
    54 | D:1      | Reached skill level 3 in Axes
    54 | D:1      | Gained mutation: A weak demonic guardian rushes to your
                  | aid. [demonic ancestry]
    54 | D:1      | Reached XP level 2. HP: 9/24 MP: 2/2
   436 | D:1      | Reached XP level 3. HP: 25/29 MP: 3/3
  1177 | D:2      | Gained mutation: A demonic guardian rushes to your aid.
                  | [demonic ancestry]
  1177 | D:2      | Reached XP level 4. HP: 35/35 MP: 4/4
  1701 | D:3      | Reached skill level 4 in Axes
  1709 | D:3      | Noticed Terence
  1719 | D:3      | Killed Terence
  1720 | D:3      | Reached XP level 5. HP: 25/42 MP: 5/5
  1919 | D:3      | Killed from afar by an orc priest

Illustrated notes

Levels and vault maps discovered:
D:1:      dpeg_arrival_castle, layout_basic, serial_forest,
          infiniplex_forest_straight_2, infiniplex_forest_straight_3,
          infiniplex_forest_clump_double, infiniplex_forest_lined_1,
          infiniplex_forest_clump_small, infiniplex_forest_straight_2,
          infiniplex_forest_lined_3_way
D:2:      layout_rooms
D:3:      layout_basic, general_overflow_altar, uniq_terence

Skill      XL: |  1  2  3  4 |
---------------+-------------+-----
Axes           | 3 4 |  4.1
Dodging        | 3 |  3.4
Fighting       | |  3.8
Throwing       | |  0.6

Action                     |  1- 3 |  4- 6 || total
---------------------------+-------+-------++-------
  Melee: Hand axe          |    85 |    61 ||   146
  Throw: Javelin           |     3 |     1 ||     4
    Use: Potion            |     1 |       ||     1
         Scroll            |       |     2 ||     2
 Armour: Robe              |    19 |    15 ||    34
  Dodge: Dodged            |    80 |    45 ||   125

Table legend: (Time is in decaauts)
 A = Elapsed time spent in this place.
 B = Non-inter-level travel time spent in this place.
 C = Inter-level travel time spent in this place.
 D = Time resting spent in this place.
 E = Time spent auto-exploring this place.
 F = Levels seen in this place.
 G = Mean time per level.
                   A        B        C        D        E       F      G
               +--------+--------+--------+--------+--------+-----+--------+
         Total |   1946 |   1852 |     94 |      0 |   1483 |   3 |  648.7 |
       Dungeon |   1946 |   1852 |     94 |      0 |   1483 |   3 |  648.7 |
               +--------+--------+--------+--------+--------+-----+--------+

Top non-repeatable levels by time:
     D:1: 1070 daAuts
     D:2: 590 daAuts
     D:3: 285 daAuts
